 Dungeon Crawl Stone Soup version 0.29-a0-397-g846e4a0bbc (webtiles) character file.

Game seed: 3151865927466523617

60 happo123 the Insei (level 4, -4/28 HPs)
             Began as an Octopode Transmuter on May 12, 2022.
             Slain by a gnoll
             ... wielding a +0 flail
              (11 damage)
             ... on level 2 of the Dungeon.
             The game lasted 00:07:18 (1524 turns).

happo123 the Insei (Octopode Transmuter)            Turns: 1524, Time: 00:07:18

Health: -4/28      AC:  1    Str:  9    XL:     4   Next: 6%
Magic:  13/16      EV: 13    Int: 17    God:
Gold:   43         SH:  0    Dex: 12    Spells: 4/7 levels left

rFire   . . .      SeeInvis .   d - +0 war axe
rCold   . . .      Faith    .   k - orb {*Rage}
rNeg    . . .      Spirit   .   (helmet currently unavailable)
rPois   .          Reflect  .   (no amulet)
rElec   .          Harm     .   e - ring of magical power
rCorr   .          Rampage  .   (no ring)
Will    .....      Rage     20% (no ring)
Stlth   +++.......              (no ring)
HPRegen 0.09/turn               (no ring)
MPRegen 0.15/turn               (no ring)
                                (no ring)
                                (no ring)

@: appendages (expiring), wereblooded
A: tentacle spike 3, almost no armour, amphibious, 8 rings, camouflage 1,
gelatinous body 1, (nimble swimmer 1), tentacles
a: End Transformation


You were on level 2 of the Dungeon.
One of your tentacles had grown a beastly spike.
You visited 1 branch of the dungeon, and saw 2 of its levels.

You collected 43 gold pieces.

Inventory:

Hand Weapons
 d - a +0 war axe (weapon)
Armour
 k - an orb of wrath (worn)
Jewellery
 e - a ring of magical power (left tentacle)
Scrolls
 c - 3 scrolls of vulnerability {unknown}
 g - a scroll of enchant weapon {unknown}
 m - a scroll of identify {unknown}
Potions
 a - a potion of lignification
 b - a potion of curing {unknown}
 f - a potion of degeneration {unknown}
 h - 2 potions of brilliance {unknown}
 i - 2 potions of heal wounds {unknown}
 j - 2 potions of invisibility {unknown}
 l - a potion of attraction {unknown}


   Skills:
 + Level 1.0 Fighting
 + Level 0.2 Axes
 + Level 2.2 Dodging
 + Level 2.0 Stealth
 + Level 3.8 Unarmed Combat
 + Level 2.4 Spellcasting
 + Level 2.2 Transmutations


You had 4 spell levels left.
You knew the following spells:

 Your Spells              Type           Power      Damage    Failure   Level
a - Beastly Appendage     Tmut           18%        N/A       8%          1
b - Wereblood             Tmut           9%         N/A       11%         2

Your spell library contained the following spells:

 Spells                   Type           Power      Damage    Failure   Level
 Spider Form              Tmut/Pois      5%         N/A       34%         3
 Ignite Poison            Fire/Tmut/Pois 4%         N/A       38%         3
 Mephitic Cloud           Conj/Pois/Air  2%         N/A       50%         3
 Ice Form                 Ice/Tmut       5%         N/A       75%         4
 Freezing Cloud           Conj/Ice/Air   1%         6-21      99%         5


Dungeon Overview and Level Annotations

Branches:
Dungeon (2/15)

Altars:


Innate Abilities, Weirdness & Mutations

One of your tentacles has grown a beastly spike.
You cannot wear most types of armour.
You are amphibious.
You can wear up to eight rings at the same time.
Your skin changes colour to match your surroundings (Stealth+).
Your rubbery body absorbs attacks. (AC +1, EV +1)
((You are camouflaged when in or above water. (Stealth+)))
You have tentacles for arms and can constrict up to eight enemies at once.


Message History

You feel yourself speed up.
You recover from your berserk rage.
A gnoll comes into view. It is wielding a +0 club.
The gnoll shouts!
A gnoll comes into view. It is wielding a +0 spear.
A gnoll comes into view. It is wielding a +0 halberd.
A gnoll comes into view. It is wielding a +0 flail.
Found a scroll labelled WYUWKU MUMIO.
The gnoll shouts!
Casting: Wereblood (safe; 12% risk of failure)
Confirm with . or Enter, or press ? or * to list all spells.
Your blood is infused with primal strength.
The gnoll shouts! x2
Casting: Wereblood (safe; 12% risk of failure)
Confirm with . or Enter, or press ? or * to list all spells.
One of your tentacles grows a vicious spike.
The gnoll hits you with a +0 club.
You hit the gnoll. You grab the gnoll.
You pierce the gnoll.
You squeeze the gnoll.
You feel a bit better.
You kill the gnoll!
Your Stealth skill increases to level 2!
You have reached level 4!
The gnoll hits you with a +0 flail! The gnoll hits you with a +0 spear.
Things that are here:
a +0 club; a gnoll corpse You hit the gnoll but do no damage.
You grab the gnoll.
You pierce the gnoll, but do no damage.
You squeeze the gnoll!
The gnoll is heavily wounded.
You hit the gnoll but do no damage.
Your transformation is almost over.
You constrict the gnoll, but do no damage.
The gnoll barely misses you. The gnoll hits you with a +0 flail.
The gnoll misses you. The gnoll closely misses you.
The gnoll hits you with a +0 flail!
* * * LOW HITPOINT WARNING * * *
The gnoll barely misses you.
You hit the gnoll.
You pierce the gnoll.
You feel a bit better.
You kill the gnoll!
You hit the gnoll. The gnoll hits you with a +0 flail!
You die...

.# .# .# .# # .#
##### .. .#
...####.## .#
........# .#
########.gg....# .#
#.......@).....# .#
#.######.####?.#
.#.######.##########
.#..................
.########.#.########
.# ........#
.#.######.#.# .#.#
#.#.# .#.# #.#.#


You could see 2 gnolls.

Vanquished Creatures
  3 gnolls
  An adder (D:2)
  2 endoplasms (D:1)
  3 giant cockroaches (D:1)
  2 goblins
  6 hobgoblins
  A jackal (D:2)
  5 ball pythons (D:1)
  3 bats (D:1)
  2 frilled lizards
  2 kobolds (D:1)
  3 rats
33 creatures vanquished.

Notes
Turn   | Place    | Note
-------+----------+-------------------------------------------
     0 | D:1      | happo123 the Octopode Transmuter began the quest for the
                  | Orb.
     0 | D:1      | Reached XP level 1. HP: 13/13 MP: 3/3
   301 | D:1      | Reached XP level 2. HP: 6/18 MP: 3/5
   681 | D:1      | Reached XP level 3. HP: 23/23 MP: 6/6
   705 | D:1      | Learned a level 2 spell: Wereblood
   728 | D:1      | Reached skill level 1 in Stealth
  1522 | D:2      | Reached XP level 4. HP: 26/28 MP: 7/7
  1524 | D:2      | Slain by a gnoll

Illustrated notes

Levels and vault maps discovered:
D:1:      nzn_arrival_water_spiral, layout_loops_ring
D:2:      layout_basic, basic_altar, minmay_pentomino_s2

Skill      XL: |  1  2  3 |
---------------+----------+-----
Stealth        | 2 |  2.0
Fighting       | |  1.0
Axes           | |  0.2
Dodging        | |  2.2
Unarmed Combat | |  3.8
Spellcasting   | |  2.4
Transmutations | |  2.2

Action                   |  1- 3 |  4- 6 || total
-------------------------+-------+-------++-------
Melee: Unarmed           |    47 |       ||    47
       Constrict         |    17 |     1 ||    18
       Tentacles         |    13 |     1 ||    14
       Kick              |    11 |     2 ||    13
       Punch             |     2 |       ||     2
       War axe           |     9 |     2 ||    11
 Cast: Beastly Appendage |     9 |       ||     9
       Wereblood         |     4 |       ||     4
 Stab: Sleeping          |     8 |       ||     8
Armor: Skin              |     4 |       ||     4
Dodge: Dodged            |    31 |     4 ||    35

Table legend: (Time is in decaauts)
 A = Elapsed time spent in this place.
 B = Non-inter-level travel time spent in this place.
 C = Inter-level travel time spent in this place.
 D = Time resting spent in this place.
 E = Time spent auto-exploring this place.
 F = Levels seen in this place.
 G = Mean time per level.
                   A        B        C        D        E       F      G
               +--------+--------+--------+--------+--------+-----+--------+
         Total |   1533 |   1413 |    120 |      0 |   1183 |   2 |  766.5 |
       Dungeon |   1533 |   1413 |    120 |      0 |   1183 |   2 |  766.5 |
               +--------+--------+--------+--------+--------+-----+--------+

Top non-repeatable levels by time:
     D:1: 1178 daAuts
     D:2: 355 daAuts
